 Dungeon Crawl Stone Soup version 0.29.0-4-gdea44cf6ec (webtiles) character file.

Game seed: 16445375722163467608

113771 qw the Warrior (level 16, -2/153 (160) HPs)
             Began as a Minotaur Berserker on Sept 5, 2022.
             Was an Elder of Trog.
             Slain by a ghost moth (14 damage)
             ... on level 3 of the Spider Nest.
             The game lasted 00:10:32 (30017 turns).

qw the Warrior (Minotaur Berserker)                Turns: 30017, Time: 00:10:32

HP:   -2/153 (160)  AC: 31    Str: 27 (30) XL:     16   Next: 14%
MP:   1/15          EV:  7    Int:  3 (4)  God:    Trog [****..]
Gold: 676           SH: 10    Dex: 11 (13) Spells: 15/15 levels left

rFire   + . .      SeeInvis .   f - +3 broad axe (vamp)
rCold   + . .      Faith    .   w - +0 tower shield
rNeg    . . .      Spirit   .   s - +1 plate armour {Will+}
rPois   +          Reflect  .   (helmet restricted)
rElec   .          Harm     .   d - +1 cloak
rCorr   .          Rampage  .   u - +4 pair of gloves of Dishonour {rPois rC+ Will+}
Will    +++..                   e - +2 pair of boots
Stlth   ..........              n - amulet of regeneration
HPRegen 1.15/turn               v - ring "Niffo" {rPois rF+ Str+3 Slay+2}
MPRegen 0.14/turn               b - +4 ring of protection

@: lethally poisoned (-2 -> -29), about to teleport, corroded, on berserk
cooldown, lightly drained
A: horns 2, retaliatory headbutt
a: Renounce Religion, Berserk, Trog's Hand, Brothers in Arms


You were on level 3 of the Spider Nest.
You worshipped Trog.
Trog was greatly pleased with you.
You visited 4 branches of the dungeon, and saw 25 of its levels.
You also visited: Sewer and Gauntlet.

You collected 3188 gold pieces.
You spent 2512 gold pieces at shops.


Innate Abilities, Weirdness & Mutations

You have a pair of horns on your head.
You reflexively headbutt those who attack you in melee.


   Skills:
 - Level 19.0 Fighting
 - Level 18.0 Axes
 - Level 10.0 Throwing
 - Level 18.0 Armour
 - Level 10.0 Dodging
 + Level 1.3 Shields


You had 15 spell levels left.
You didn't know any spells.
Your spell library was empty.

Inventory:

Hand Weapons
 f - a +3 vampiric broad axe (weapon)
 m - a +0 hand axe of flaming
Missiles
 i - 7 boomerangs
 x - 2 silver javelins (quivered)
Armour
 d - a +1 cloak (worn)
 e - a +2 pair of boots (worn)
 r - a scarf of resistance
 s - a +1 plate armour of willpower (worn)
 t - a +0 plate armour of fire resistance
 u - the +4 pair of gloves of Dishonour (worn) {rPois rC+ Will+}
   (You acquired it on level 5 of the Lair of Beasts)

   rC:        It protects you from cold.
   rPois:     It protects you from poison.
   Will:      It increases your willpower.
 w - a +0 tower shield (worn)
 A - +0 ice dragon scales
Jewellery
 b - a +4 ring of protection (right hand)
 n - an amulet of regeneration (around neck)
 v - the ring "Niffo" (left hand) {rPois rF+ Str+3 Slay+2}
   (You took it off an efreet on level 14 of the Dungeon)

   [ring of poison resistance]

   Str:       It affects your strength (+3).
   Slay:      It affects your accuracy & damage with ranged weapons and melee
   (+2).
   rF:        It protects you from fire.
   rPois:     It protects you from poison.
 y - the ring of the Dragon {rPois rF+ Str+2}
   (You found it on level 14 of the Dungeon)

   [ring of protection from fire]

   Str:       It affects your strength (+2).
   rF:        It protects you from fire.
   rPois:     It protects you from poison.
Scrolls
 g - 11 scrolls of identify
 h - 6 scrolls of teleportation
 p - a scroll of brand weapon
Potions
 a - 2 potions of cancellation
 c - 2 potions of resistance
 j - 3 potions of mutation
 k - 13 potions of curing
 l - a potion of might
 o - 3 potions of haste
 q - a potion of heal wounds

Dungeon Overview and Level Annotations

Branches:
Dungeon (15/15)            Temple (0/1) D:6            Lair (5/5) D:11
  Swamp (0/4) Lair:2       Spider (3/4) Lair:2        Slime (0/5) Lair:4
    Orc (2/2) D:11            Elf (0/3) Orc:2        Vaults (0/5) D:14
 Depths (0/4) D:15          Sewer (visited)         Gauntlet (visited)

Altars:
Elyvilon
Hepliaklqana
Kikubaaqudgha
Makhleb
Nemelex Xobeh
Okawaru
Ru
Vehumet
Zin
The Shining One
Jiyva

Shops:
D:10 =   D:13 =*   D:15 *   Orc:1 [   Orc:2 :(=[*

Portals:
Trove: D:10 (give 17 potions of curing)

Annotations:
D:4 2 runed translucent doors, qw's ghost, amateur BaCK


Message History

You feel you are being watched by something.
Something hits you but does no damage. x2
Something stings you but does no damage.
The entropy weaver hits you but does no damage.
You block the entropy weaver's attack.
The entropy weaver hits you but does no damage. x2
You block the redback's attack. The culicivora bites your ogre.
The redback bites you but does no damage.
Your ogre misses the culicivora. You block the redback's attack.
The wolf spider completely misses you. The wolf spider bites you!
You are lethally poisoned!
The wolf spider poisons you!
Something hits you but does no damage. x2
Something stings you but does no damage.
The entropy weaver hits you but does no damage. x3
The entropy weaver hits you!
The redback moves out of view.
30016 ||| READING 7 scrolls of teleportation.
As you read the scroll of teleportation, it crumbles to dust.
You feel strangely unstable.
You feel extremely sick. The culicivora bites your ogre!
The redback bites you but does no damage.
You block the redback's attack.
The redback bites you but does no damage.
The wolf spider hits you. The wolf spider closely misses you.
Your ogre closely misses the culicivora.
Something hits you. Something hits you but does no damage.
Something stings you but does no damage.
You block the entropy weaver's attack. The entropy weaver hits you!
The entropy weaver closely misses you.
The entropy weaver hits you but does no damage.
You block the redback's attack.
The redback bites you but does no damage.
The redback is healed somewhat.
30017 ||| DRINKING 2 potions of heal wounds.
You feel much better.
You feel extremely sick.
The redback bites you but does no damage.
The wolf spider hits you. The wolf spider completely misses you.
Something hits you!
You die...

#... ..##. #...#
..#. #.........
..#...#..
#^....sB ###
.#.#.^#.####...#
^.<...Bsss.#..#
#.#.#O.@##...#..
....^ss{sB.....
..#.s.#BsB.###.
#......#s#.....
##..##s<%....#.
#...#.^.#^#.#..#
..#...##....)..
#.#^.. ...#.##
..^.# ##.^ ..


You could see a radroach, 3 entropy weavers, a demonic crawler, a wolf spider,
an orb spider, 2 culicivoras, a pharaoh ant, a tarantella, 5 redbacks and a
friendly ogre (summoned, berserk).

Vanquished Creatures
  Nikola (Spider:2)
  Agnes (Spider:1)
  Roxanne (D:14)
  2 emperor scorpions (Spider:2)
  An orc warlord (Orc:2)
  Louise (Spider:2)
  A reaper (Gauntlet)
  An entropy weaver (Spider:2)
  A minotaur (Gauntlet)
  A spark wasp (Spider:1)
  A dire elephant (D:15)
  Snorg (Lair:3)
  A blizzard demon (Gauntlet)
  Josephine (Lair:5)
  5 hydras
  6 boulder beetles
  Fannar (D:12)
  A death knight (D:15)
  2 ogre magi
  6 two-headed ogres
  4 death yaks (Lair:5)
  3 centaur warriors
  A tengu warrior (D:14)
  Urug (Lair:4)
  An orc high priest (Orc:2)
  A soul eater (Gauntlet)
  3 skeletal warriors (D:15)
  A goliath frog (Lair:5)
  2 steelbarb worms
  An orb spider (Lair:2)
  7 ugly things
  6 orc knights
  5 deep elf pyromancers
  7 deep elf zephyrmancers
  4 orc sorcerers
  9 cyclopes
  4 manticores
  A salamander (D:15)
  A wolf spider (Spider:1)
  A moth of wrath (shapeshifter) (D:14)
  A moth of wrath (Spider:2)
  8 elephants
  A molten gargoyle (D:15)
  A torpor snail (Lair:5)
  3 black mambas
  12 cane toads
  A gargoyle (D:13)
  2 minotaur zombies (Gauntlet)
  3 unseen horrors
  3 kobold demonologists
  5 demonic crawlers
  A rime drake (Lair:5)
  2 efreet
  9 komodo dragons
  3 meliai (D:13)
  A queen bee (Lair:2)
  A merfolk (D:15)
  11 trolls
  3 tyrant leeches (Lair:5)
  A tyrant leech (shapeshifter) (D:15)
  7 polar bears
  10 slime creatures
  Grinder (Sewer)
  5 tarantellas
  28 blink frogs
  14 dream sheep (Lair:5)
  A jumping spider (Spider:2)
  3 wyverns
  11 wraiths
  A shadow (D:12)
  A vampire (D:11)
  2 culicivoras (Spider:1)
  33 yaks
  A golden eye (shapeshifter) (D:13)
  Grum (D:9)
  2 basilisks
  3 steam dragons
  8 redbacks
  12 vampire mosquitoes
  2 wargs
  2 acid dragons
  15 water moccasins
  21 orc warriors
  3 ice beasts
  2 sky beasts
  A black bear (shapeshifter) (D:14)
  2 black bears (D:11)
  12 centaurs
  6 ogres
  14 wolves
  A phantom (D:5)
  4 kobold brigands
  An earth elemental (D:13)
  Blork the orc (D:6)
  22 bullfrogs
  2 necrophages
  3 scorpions
  11 wights (D:8)
  35 killer bees
  4 howler monkeys
  An electric eel (Lair:5)
  A hound (D:5)
  A quasit (Sewer)
  3 lava snakes (D:15)
  A jelly (Lair:4)
  15 orc priests
  2 gnoll boudas
  Jessica (D:2)
  4 iguanas
  Ijyb (D:4)
  Terence (D:2)
  Natasha (thrice) (D:3)
  28 orc wizards
  17 gnolls
  10 adders
  A river rat (D:4)
  5 shadow imps
  A white imp (D:7)
  4 ufetubi
  2 worms (D:4)
  4 dart slugs
  70 orcs
  2 bat zombies (Sewer)
  14 endoplasms
  5 giant cockroaches
  5 goblins
  13 hobgoblins
  9 jackals
  2 quokkas (D:4)
  8 ball pythons
  6 bats
  2 frilled lizards (D:2)
  35 kobolds
  3 rats
759 creatures vanquished.

Vanquished Creatures (collateral kills)
  A ghost moth (Spider:2)
  An orc warlord (Orc:1)
  An entropy weaver (Spider:1)
  3 hydras
  An orc sorcerer (Orc:2)
  A polar bear (Lair:3)
  A culicivora (Spider:3)
  3 orc warriors
  An ogre (Orc:1)
  An orc wizard (Orc:2)
14 creatures vanquished.

Vanquished Creatures (others)
  A hydra (D:14)
  A kobold zombie (Sewer)
  A bush (Lair:5)
  49 fungi
  114 plants
  22 withered plants
188 creatures vanquished.

Grand Total: 961 creatures vanquished

Notes
Turn   | Place    | Note
-------+----------+-------------------------------------------
     0 | D:1      | qw the Minotaur Berserker began the quest for the Orb.
     0 | D:1      | Reached XP level 1. HP: 19/19 MP: 0/0
     0 | D:1      | 0 ||| qw: Version: 0.1-a-104-g96f76f8
     0 | D:1      | 0 ||| qw: Game counter: 5843
     0 | D:1      | 0 ||| qw: Always use a shield: true
     0 | D:1      | 0 ||| qw: Do Orc after D:15 true
     0 | D:1      | 0 ||| qw: Do second Lair branch before Depths: true
     0 | D:1      | 0 ||| qw: Lair rune preference: random
     0 | D:1      | 0 ||| qw: Plans: Normal
     0 | D:1      | 0 ||| PLANNING D:1-11
   298 | D:1      | Reached XP level 2. HP: 26/26 MP: 1/1
   720 | D:1      | 720 ||| Stepping ~*~*~tactically~*~*~ (stealth).
  1185 | D:1      | Reached XP level 3. HP: 26/31 MP: 2/2
  1308 | D:1      | 1308 ||| READING scroll labelled CIEPSEILAK.
  1401 | D:2      | 1401 ||| Stepping ~*~*~tactically~*~*~ (stealth).
  1402 | D:2      | 1402 ||| Stepping ~*~*~tactically~*~*~ (stealth).
  1421 | D:2      | 1421 ||| FLEEEEING.
  1422 | D:2      | 1422 ||| FLEEEEING.
  1428 | D:2      | 1428 ||| STAIRDANCE
  1519 | D:2      | You fall into a shaft and drop 1 floor!
  1539 | D:3      | Noticed an ogre
  1540 | D:3      | 1540 ||| Stepping ~*~*~tactically~*~*~ (stealth).
  1542 | D:3      | 1542 ||| Stepping ~*~*~tactically~*~*~ (stealth).
  1544 | D:3      | 1544 ||| Stepping ~*~*~tactically~*~*~ (stealth).
  1546 | D:3      | 1546 ||| Stepping ~*~*~tactically~*~*~ (stealth).
  1555 | D:3      | 1555 ||| INVOKING Berserk.
  1557 | D:3      | Killed an ogre
  1558 | D:3      | Reached skill level 6 in Axes
  1558 | D:3      | Reached XP level 4. HP: 39/39 MP: 3/3
  1561 | D:3      | Reached ** piety under Trog
  1708 | D:3      | 1708 ||| Stepping ~*~*~tactically~*~*~ (hiding).
  1810 | D:3      | 1810 ||| Stepping ~*~*~tactically~*~*~ (hiding).
  1817 | D:3      | Reached XP level 5. HP: 30/45 MP: 4/4
  1829 | D:3      | HP: 11/46 [something (1)]
  1833 | D:3      | HP: 5/46 [something (4)]
  1835 | D:3      | HP: 2/46 [something (2)]
  1837 | D:3      | Reached skill level 4 in Fighting
  2143 | D:3      | 2143 ||| UPGRADING to +0 ring mail.
  2153 | D:3      | 2153 ||| DROPPING +0 animal skin.
  2154 | D:3      | 2154 ||| UPGRADING to +0 scale mail.
  2164 | D:3      | 2164 ||| DROPPING +0 ring mail.
  2165 | D:3      | 2165 ||| READING scroll labelled JAUZUU SASHA.
  2187 | D:2      | 2187 ||| Stepping ~*~*~tactically~*~*~ (stealth).
  2188 | D:2      | 2188 ||| Stepping ~*~*~tactically~*~*~ (stealth).
  2282 | D:2      | Noticed Terence
  2283 | D:2      | 2283 ||| Stepping ~*~*~tactically~*~*~ (stealth).
  2288 | D:2      | 2288 ||| INVOKING Berserk.
  2292 | D:2      | Killed Terence
  2477 | D:2      | 2477 ||| INVOKING Berserk.
  2573 | D:2      | Found a faded altar of an unknown god.
  2613 | D:2      | 2613 ||| Stepping ~*~*~tactically~*~*~ (stealth).
  2614 | D:2      | 2614 ||| Stepping ~*~*~tactically~*~*~ (stealth).
  2615 | D:2      | 2615 ||| Stepping ~*~*~tactically~*~*~ (stealth).
  2616 | D:2      | 2616 ||| Stepping ~*~*~tactically~*~*~ (stealth).
  2617 | D:2      | 2617 ||| Stepping ~*~*~tactically~*~*~ (stealth).
  2619 | D:2      | 2619 ||| Stepping ~*~*~tactically~*~*~ (hiding).
  2656 | D:2      | Found a glowing golden altar of the Shining One.
  2789 | D:2      | Noticed Jessica
  2791 | D:2      | Killed Jessica
  2792 | D:2      | Reached XP level 6. HP: 52/52 MP: 5/5
  2929 | D:2      | 2929 ||| UPGRADING to +0 chain mail.
  2939 | D:2      | 2939 ||| DROPPING +0 scale mail.
  2940 | D:2      | 2940 ||| UPGRADING to +0 plate armour.
  2950 | D:2      | 2950 ||| DROPPING +0 chain mail.
  2951 | D:2      | 2951 ||| READING scroll labelled GURROI GYETEA.
  2952 | D:2      | 2952 ||| READING scroll labelled YMILO NAODGH.
  2953 | D:2      | 2953 ||| READING scroll labelled QIYNTICYTI.
  2954 | D:2      | 2954 ||| READING scroll labelled ZOGGIYSHU.
  2955 | D:2      | 2955 ||| DRINKING 2 cyan potions.
  2956 | D:2      | 2956 ||| DRINKING 2 smoky clear potions.
  2957 | D:2      | 2957 ||| DROPPING potion of degeneration.
  2958 | D:2      | 2958 ||| DROPPING potion of invisibility.
  2963 | D:3      | 2963 ||| Stepping ~*~*~tactically~*~*~ (stealth).
  2965 | D:3      | 2965 ||| Stepping ~*~*~tactically~*~*~ (stealth).
  2967 | D:3      | 2967 ||| Stepping ~*~*~tactically~*~*~ (stealth).
  2969 | D:3      | 2969 ||| Stepping ~*~*~tactically~*~*~ (stealth).
  2976 | D:3      | 2976 ||| Stepping ~*~*~tactically~*~*~ (stealth).
  2997 | D:3      | 2997 ||| Stepping ~*~*~tactically~*~*~ (stealth).
  3030 | D:3      | Found an iron altar of Okawaru.
  3151 | D:3      | Noticed Natasha
  3152 | D:3      | 3152 ||| Stepping ~*~*~tactically~*~*~ (hiding).
  3156 | D:3      | 3156 ||| INVOKING Berserk.
  3160 | D:3      | Killed Natasha
  3161 | D:3      | Reached skill level 3 in Armour
  3186 | D:3      | 3186 ||| Stepping ~*~*~tactically~*~*~ (stealth).
  3216 | D:3      | 3216 ||| INVOKING Berserk.
  3324 | D:3      | 3324 ||| DROPPING +0 whip.
  3328 | D:3      | Found an ancient bone altar of Kikubaaqudgha.
  3371 | D:3      | Noticed Natasha
  3372 | D:3      | 3372 ||| Stepping ~*~*~tactically~*~*~ (hiding).
  3376 | D:3      | 3376 ||| INVOKING Berserk.
  3379 | D:3      | Killed Natasha
  3512 | D:3      | Noticed Natasha
  3513 | D:3      | 3513 ||| INVOKING Berserk.
  3517 | D:3      | Killed Natasha
  3701 | D:3      | 3701 ||| UPGRADING to +0 cloak.
  3706 | D:3      | 3706 ||| READING scroll labelled YGYUNG RAUJ.
  3707 | D:3      | 3707 ||| READING scroll labelled JUIBYS JEAH.
  3708 | D:3      | 3708 ||| READING 3 scrolls labelled XUOSTR MAFUFOTZ.
  3713 | D:3      | 3713 ||| DRINKING 3 bubbling red potions.
  3714 | D:3      | 3714 ||| DRINKING 2 smoky coppery potions.
  3770 | D:3      | 3770 ||| DROPPING potion of lignification.
  3784 | D:4      | 3784 ||| PLANNING SEWER
  3794 | D:4      | 3794 ||| Stepping ~*~*~tactically~*~*~ (stealth).
  3795 | D:4      | 3795 ||| Stepping ~*~*~tactically~*~*~ (stealth).
  3804 | D:4      | Reached *** piety under Trog
  3807 | D:4      | 3807 ||| INVOKING Berserk.
  3818 | D:4      | Reached skill level 9 in Axes
  3826 | D:4      | 3826 ||| FLEEEEING.
  3827 | D:4      | 3827 ||| FLEEEEING.
  3828 | D:4      | 3828 ||| FLEEEEING.
  3829 | D:4      | 3829 ||| FLEEEEING.
  3830 | D:4      | 3830 ||| FLEEEEING.
  3831 | D:4      | 3831 ||| STAIRDANCE
  3886 | D:4      | 3886 ||| READING scroll of enchant armour.
  3886 | D:4      | 3886 ||| ENCHANTING +0 cloak.
  3954 | D:4      | 3954 ||| Stepping ~*~*~tactically~*~*~ (stealth).
  4052 | D:4      | Found a glowing drain.
  4061 | Sewer    | Entered a sewer
  4098 | Sewer    | Reached XP level 7. HP: 59/59 MP: 6/6
  4177 | Sewer    | 4177 ||| Stepping ~*~*~tactically~*~*~ (stealth).
  4230 | Sewer    | Found a burning altar of Makhleb.
  4336 | Sewer    | 4336 ||| DROPPING +0 flail.
  4355 | Sewer    | Noticed Grinder
  4356 | Sewer    | 4356 ||| Stepping ~*~*~tactically~*~*~ (stealth).
  4366 | Sewer    | 4366 ||| Stepping ~*~*~tactically~*~*~ (stealth).
  4367 | Sewer    | 4367 ||| Stepping ~*~*~tactically~*~*~ (stealth).
  4369 | Sewer    | 4369 ||| Stepping ~*~*~tactically~*~*~ (stealth).
  4371 | Sewer    | 4371 ||| Stepping ~*~*~tactically~*~*~ (stealth).
  4375 | Sewer    | 4375 ||| INVOKING Trog's Hand.
  4380 | Sewer    | 4380 ||| Stepping ~*~*~tactically~*~*~ (hiding).
  4381 | Sewer    | 4381 ||| Stepping ~*~*~tactically~*~*~ (hiding).
  4384 | Sewer    | 4384 ||| INVOKING Berserk.
  4389 | Sewer    | Killed Grinder
  4390 | Sewer    | Reached skill level 6 in Fighting
  4605 | Sewer    | 4605 ||| READING 3 scrolls labelled JAGORIRULOO.
  4606 | Sewer    | 4606 ||| READING scroll labelled FYLIAN KIARA.
  4607 | Sewer    | 4607 ||| DRINKING 3 bubbling dark potions.
  4608 | Sewer    | 4608 ||| DRINKING 2 pink potions.
  4609 | Sewer    | 4609 ||| DROPPING 2 potions of magic.
  4610 | Sewer    | 4610 ||| DROPPING 2 scrolls of noise.
  4664 | D:4      | 4664 ||| PLANNING D:1-11
  4730 | D:4      | Reached **** piety under Trog
  4790 | D:4      | Found a runed translucent door.
  4793 | D:4      | Noticed qw's ghost (amateur BaCK)
  4831 | D:4      | Noticed Ijyb
  4832 | D:4      | 4832 ||| Stepping ~*~*~tactically~*~*~ (hiding).
  4837 | D:4      | 4837 ||| INVOKING Berserk.
  4841 | D:4      | Killed Ijyb
  4997 | D:4      | Found a runed translucent door.
  5192 | D:4      | Reached XP level 8. HP: 71/71 MP: 7/7
  5270 | D:4      | 5270 ||| READING scroll labelled ZAAPY VEHAW.
  5271 | D:4      | 5271 ||| DRINKING 2 purple potions.
  5272 | D:4      | 5272 ||| DROPPING potion of brilliance.
  5302 | D:5      | Entered Level 5 of the Dungeon
  5329 | D:5      | 5329 ||| Stepping ~*~*~tactically~*~*~ (stealth).
  5331 | D:5      | 5331 ||| Stepping ~*~*~tactically~*~*~ (stealth).
  5345 | D:5      | 5345 ||| Stepping ~*~*~tactically~*~*~ (stealth).
  5347 | D:5      | 5347 ||| Stepping ~*~*~tactically~*~*~ (stealth).
  5350 | D:5      | 5350 ||| Stepping ~*~*~tactically~*~*~ (stealth).
  5980 | D:5      | 5980 ||| DRINKING 2 lumpy orange potions.
  5981 | D:5      | 5981 ||| DRINKING 2 green potions.
  5982 | D:5      | 5982 ||| READING 2 scrolls of identify.
  5982 | D:5      | 5982 ||| IDENTIFYING metallic sapphire potion
  5983 | D:5      | 5983 ||| DROPPING potion of attraction.
  6098 | D:6      | Noticed Blork the orc
  6099 | D:6      | 6099 ||| Stepping ~*~*~tactically~*~*~ (hiding).
  6103 | D:6      | 6103 ||| INVOKING Berserk.
  6108 | D:6      | Killed Blork the orc
  6217 | D:6      | Found a glowing silver altar of Zin.
  6220 | D:6      | Found a hazy altar of Hepliaklqana.
  6223 | D:6      | Found a sacrificial altar of Ru.
  6226 | D:6      | Found a radiant altar of Vehumet.
  6293 | D:6      | 6293 ||| READING 2 scrolls of teleportation.
  6327 | D:6      | 6327 ||| UPGRADING to +1 pair of boots.
  6383 | D:6      | 6383 ||| READING scroll of enchant armour.
  6383 | D:6      | 6383 ||| ENCHANTING +1 pair of boots.
  6477 | D:6      | Reached skill level 12 in Axes
  6486 | D:6      | 6486 ||| SWAPPING to +0 war axe.
  6487 | D:6      | 6487 ||| DROPPING +1 hand axe.
  6510 | D:6      | 6510 ||| UPGRADING to +0 pair of gloves.
  6807 | D:6      | Reached XP level 9. HP: 78/78 MP: 8/8
  6811 | D:6      | Found a staircase to the Ecumenical Temple.
  6820 | D:6      | Reached skill level 6 in Armour
  6890 | D:6      | 6890 ||| READING scroll labelled KIBRU FEYR.
  6891 | D:6      | 6891 ||| READING 3 scrolls labelled NUBRIKK WEVY.
  7009 | D:7      | Noticed an orc sorcerer
  7010 | D:7      | 7010 ||| INVOKING Trog's Hand.
  7015 | D:7      | 7015 ||| INVOKING Berserk.
  7016 | D:7      | Killed an orc sorcerer
  7017 | D:7      | Reached skill level 8 in Fighting
  7327 | D:7      | 7327 ||| INVOKING Berserk.
  7498 | D:7      | Found a sparkling altar of Nemelex Xobeh.
  7775 | D:7      | 7775 ||| INVOKING Berserk.
  7982 | D:8      | 7982 ||| INVOKING Berserk.
  8093 | D:8      | 8093 ||| READING scroll of enchant weapon.
  8093 | D:8      | 8093 ||| ENCHANTING +0 spectral war axe.
  8139 | D:8      | Found a white marble altar of Elyvilon.
  8173 | D:8      | 8173 ||| Stepping ~*~*~tactically~*~*~ (hiding).
  8180 | D:8      | 8180 ||| Stepping ~*~*~tactically~*~*~ (hiding).
  8188 | D:8      | 8188 ||| Stepping ~*~*~tactically~*~*~ (hiding).
  8190 | D:8      | 8190 ||| INVOKING Berserk.
  8649 | D:8      | 8649 ||| Stepping ~*~*~tactically~*~*~ (stealth).
  8701 | D:8      | 8701 ||| Stepping ~*~*~tactically~*~*~ (stealth).
  8706 | D:8      | Reached XP level 10. HP: 88/88 MP: 9/9
  9215 | D:9      | 9215 ||| INVOKING Berserk.
  9487 | D:9      | 9487 ||| Stepping ~*~*~tactically~*~*~ (stealth).
  9490 | D:9      | Noticed Grum
  9493 | D:9      | 9493 ||| INVOKING Berserk.
  9497 | D:9      | Killed Grum
  9498 | D:9      | Reached skill level 3 in Dodging
  9631 | D:9      | 9631 ||| Stepping ~*~*~tactically~*~*~ (stealth).
  9633 | D:9      | Reached ***** piety under Trog
  9635 | D:9      | 9635 ||| Stepping ~*~*~tactically~*~*~ (stealth).
  9655 | D:9      | 9655 ||| Stepping ~*~*~tactically~*~*~ (hiding).
  9658 | D:9      | 9658 ||| Stepping ~*~*~tactically~*~*~ (hiding).
  9660 | D:9      | 9660 ||| Stepping ~*~*~tactically~*~*~ (hiding).
  9691 | D:9      | 9691 ||| Stepping ~*~*~tactically~*~*~ (hiding).
  9932 | D:9      | 9932 ||| Stepping ~*~*~tactically~*~*~ (stealth).
  9937 | D:9      | 9937 ||| Stepping ~*~*~tactically~*~*~ (hiding).
  9955 | D:9      | Received a gift from Trog
 10225 | D:9      | Noticed a two-headed ogre
 10230 | D:9      | 10230 ||| INVOKING Berserk.
 10232 | D:9      | Killed a two-headed ogre
 10233 | D:9      | Reached skill level 15 in Axes
 10752 | D:9      | 10752 ||| READING 2 scrolls of identify.
 10752 | D:9      | 10752 ||| IDENTIFYING grey potion
 10780 | D:10     | Entered Level 10 of the Dungeon
 10834 | D:10     | Found a portal to a secret trove of treasure.
 10852 | D:10     | Reached skill level 9 in Fighting
 10852 | D:10     | 10852 ||| FLEEEEING.
 10853 | D:10     | 10853 ||| FLEEEEING.
 10854 | D:10     | 10854 ||| FLEEEEING.
 10855 | D:10     | 10855 ||| FLEEEEING.
 10856 | D:10     | 10856 ||| FLEEEEING.
 10857 | D:10     | 10857 ||| FLEEEEING.
 10864 | D:10     | 10864 ||| FLEEEEING.
 10866 | D:10     | 10866 ||| FLEEEEING.
 10867 | D:10     | 10867 ||| FLEEEEING.
 10868 | D:10     | 10868 ||| FLEEEEING.
 10869 | D:10     | 10869 ||| FLEEEEING.
 10870 | D:10     | 10870 ||| FLEEEEING.
 10871 | D:10     | 10871 ||| FLEEEEING.
 10872 | D:10     | 10872 ||| FLEEEEING.
 10873 | D:10     | 10873 ||| FLEEEEING.
 10874 | D:10     | 10874 ||| FLEEEEING.
 10875 | D:10     | 10875 ||| FLEEEEING.
 10876 | D:10     | 10876 ||| FLEEEEING.
 10877 | D:10     | 10877 ||| FLEEEEING.
 10878 | D:10     | 10878 ||| FLEEEEING.
 10879 | D:10     | 10879 ||| FLEEEEING.
 10880 | D:10     | 10880 ||| FLEEEEING.
 10881 | D:10     | 10881 ||| FLEEEEING.
 10882 | D:10     | 10882 ||| FLEEEEING.
 10883 | D:10     | 10883 ||| FLEEEEING.
 10884 | D:10     | 10884 ||| FLEEEEING.
 10885 | D:10     | 10885 ||| FLEEEEING.
 10886 | D:10     | 10886 ||| FLEEEEING.
 10887 | D:10     | 10887 ||| FLEEEEING.
 10888 | D:10     | 10888 ||| FLEEEEING.
 10889 | D:10     | 10889 ||| FLEEEEING.
 10890 | D:10     | 10890 ||| FLEEEEING.
 10891 | D:10     | 10891 ||| FLEEEEING.
 10893 | D:10     | 10893 ||| FLEEEEING.
 10894 | D:10     | 10894 ||| FLEEEEING.
 10895 | D:10     | 10895 ||| FLEEEEING.
 10896 | D:10     | 10896 ||| FLEEEEING.
 10897 | D:10     | 10897 ||| FLEEEEING.
 10898 | D:10     | 10898 ||| FLEEEEING.
 10899 | D:10     | 10899 ||| FLEEEEING.
 10900 | D:10     | 10900 ||| STAIRDANCE
 10951 | D:9      | 10951 ||| READING 2 scrolls of identify.
 10951 | D:9      | 10951 ||| IDENTIFYING bubbling sapphire potion
 11010 | D:10     | 11010 ||| Stepping ~*~*~tactically~*~*~ (stealth).
 11015 | D:10     | 11015 ||| Stepping ~*~*~tactically~*~*~ (stealth).
 11052 | D:10     | Found Woc Boicwo's Jewellery Shoppe.
 11068 | D:10     | 11068 ||| BUYING amulet of regeneration (420 gold).
 11068 | D:10     | Bought an amulet of regeneration for 420 gold pieces
 11068 | D:10     | 11068 ||| BUYING ring of poison resistance (280 gold).
 11068 | D:10     | Bought a ring of poison resistance for 280 gold pieces
 11068 | D:10     | 11068 ||| SHOPLISTING ring of positive energy (280 gold,
                  | have 30).
 11068 | D:10     | 11068 ||| SHOPLISTING ring of protection from cold (350
                  | gold, have 30).
 11068 | D:10     | 11068 ||| SHOPLISTING ring of protection from fire (350
                  | gold, have 30).
 11068 | D:10     | 11068 ||| SHOPLISTING ring of willpower (350 gold, have
                  | 30).
 11112 | D:10     | 11112 ||| Stepping ~*~*~tactically~*~*~ (stealth).
 11115 | D:10     | 11115 ||| Stepping ~*~*~tactically~*~*~ (hiding).
 11130 | D:10     | 11130 ||| FLEEEEING.
 11131 | D:10     | 11131 ||| FLEEEEING.
 11135 | D:10     | 11135 ||| FLEEEEING.
 11136 | D:10     | 11136 ||| FLEEEEING.
 11137 | D:10     | 11137 ||| FLEEEEING.
 11138 | D:10     | 11138 ||| FLEEEEING.
 11139 | D:10     | 11139 ||| FLEEEEING.
 11143 | D:10     | 11143 ||| FLEEEEING.
 11144 | D:10     | 11144 ||| FLEEEEING.
 11145 | D:10     | 11145 ||| FLEEEEING.
 11146 | D:10     | 11146 ||| FLEEEEING.
 11147 | D:10     | 11147 ||| FLEEEEING.
 11148 | D:10     | 11148 ||| FLEEEEING.
 11149 | D:10     | 11149 ||| FLEEEEING.
 11159 | D:10     | 11159 ||| FLEEEEING.
 11160 | D:10     | 11160 ||| FLEEEEING.
 11161 | D:10     | 11161 ||| FLEEEEING.
 11162 | D:10     | 11162 ||| FLEEEEING.
 11163 | D:10     | 11163 ||| FLEEEEING.
 11164 | D:10     | 11164 ||| FLEEEEING.
 11168 | D:10     | 11168 ||| FLEEEEING.
 11169 | D:10     | 11169 ||| FLEEEEING.
 11170 | D:10     | 11170 ||| FLEEEEING.
 11171 | D:10     | 11171 ||| FLEEEEING.
 11172 | D:10     | 11172 ||| FLEEEEING.
 11173 | D:10     | 11173 ||| FLEEEEING.
 11174 | D:10     | 11174 ||| FLEEEEING.
 11175 | D:10     | 11175 ||| FLEEEEING.
 11176 | D:10     | 11176 ||| FLEEEEING.
 11177 | D:10     | 11177 ||| FLEEEEING.
 11178 | D:10     | 11178 ||| FLEEEEING.
 11179 | D:10     | 11179 ||| FLEEEEING.
 11180 | D:10     | 11180 ||| FLEEEEING.
 11181 | D:10     | 11181 ||| FLEEEEING.
 11182 | D:10     | 11182 ||| FLEEEEING.
 11183 | D:10     | 11183 ||| FLEEEEING.
 11184 | D:10     | 11184 ||| FLEEEEING.
 11185 | D:10     | 11185 ||| FLEEEEING.
 11186 | D:10     | 11186 ||| FLEEEEING.
 11187 | D:10     | 11187 ||| FLEEEEING.
 11190 | D:10     | 11190 ||| STAIRDANCE
 11232 | D:9      | 11232 ||| UPGRADING to amulet of regeneration.
 11237 | D:9      | 11237 ||| UPGRADING to ring of poison resistance.
 11238 | D:9      | 11238 ||| READING scroll labelled GUOSHR UH CEUHI.
 11239 | D:9      | 11239 ||| READING 2 scrolls of identify.
 11239 | D:9      | 11239 ||| IDENTIFYING ruby potion
 11243 | D:10     | 11243 ||| INVOKING Berserk.
 11266 | D:10     | 11266 ||| DRINKING 4 potions of curing.
 11266 | D:10     | 11266 ||| (to cure confusion)
 11437 | D:10     | 11437 ||| Stepping ~*~*~tactically~*~*~ (hiding).
 11464 | D:10     | 11464 ||| Stepping ~*~*~tactically~*~*~ (stealth).
 11477 | D:10     | Reached skill level 9 in Armour
 11477 | D:10     | Reached XP level 11. HP: 97/97 MP: 10/10
 11975 | D:10     | 11975 ||| Stepping ~*~*~tactically~*~*~ (stealth).
 11976 | D:10     | 11976 ||| Stepping ~*~*~tactically~*~*~ (stealth).
 11978 | D:10     | 11978 ||| Stepping ~*~*~tactically~*~*~ (hiding).
 12056 | D:10     | 12056 ||| Stepping ~*~*~tactically~*~*~ (stealth).
 12058 | D:10     | 12058 ||| Stepping ~*~*~tactically~*~*~ (hiding).
 12063 | D:10     | 12063 ||| INVOKING Berserk.
 12233 | D:10     | 12233 ||| READING scroll labelled KIQYHO BEUJAUST.
 12487 | D:11     | Noticed a sun demon
 12487 | D:11     | 12487 ||| INVOKING Brothers in Arms.
 12488 | D:11     | 12488 ||| INVOKING Brothers in Arms.
 12489 | D:11     | 12489 ||| INVOKING Berserk.
 12626 | D:11     | 12626 ||| FLEEEEING.
 12627 | D:11     | 12627 ||| FLEEEEING.
 12632 | D:11     | 12632 ||| FLEEEEING.
 12633 | D:11     | 12633 ||| FLEEEEING.
 12634 | D:11     | 12634 ||| FLEEEEING.
 12635 | D:11     | 12635 ||| FLEEEEING.
 12636 | D:11     | 12636 ||| FLEEEEING.
 12657 | D:11     | 12657 ||| FLEEEEING.
 12658 | D:11     | 12658 ||| FLEEEEING.
 12659 | D:11     | 12659 ||| FLEEEEING.
 12660 | D:11     | 12660 ||| FLEEEEING.
 12661 | D:11     | 12661 ||| FLEEEEING.
 12662 | D:11     | 12662 ||| FLEEEEING.
 12663 | D:11     | 12663 ||| FLEEEEING.
 12677 | D:11     | 12677 ||| FLEEEEING.
 12700 | D:11     | 12700 ||| INVOKING Berserk.
 12703 | D:11     | Reached skill level 10 in Fighting
 12812 | D:11     | Noticed a boulder beetle
 12814 | D:11     | 12814 ||| INVOKING Berserk.
 12818 | D:11     | Killed a boulder beetle
 12946 | D:11     | Found a staircase to the Lair.
 12962 | D:11     | 12962 ||| INVOKING Berserk.
 13186 | D:11     | 13186 ||| INVOKING Berserk.
 13191 | D:11     | Reached skill level 11 in Fighting
 13305 | D:11     | Noticed a two-headed ogre
 13309 | D:11     | 13309 ||| INVOKING Berserk.
 13311 | D:11     | Killed a two-headed ogre
 13448 | D:11     | 13448 ||| Stepping ~*~*~tactically~*~*~ (stealth).
 13450 | D:11     | 13450 ||| Stepping ~*~*~tactically~*~*~ (hiding).
 13461 | D:11     | 13461 ||| INVOKING Berserk.
 13473 | D:11     | Reached skill level 12 in Fighting
 13543 | D:11     | 13543 ||| Stepping ~*~*~tactically~*~*~ (hiding).
 13571 | D:11     | Noticed an ogre mage
 13572 | D:11     | 13572 ||| INVOKING Trog's Hand.
 13574 | D:11     | 13574 ||| Stepping ~*~*~tactically~*~*~ (hiding).
 13576 | D:11     | 13576 ||| INVOKING Berserk.
 13579 | D:11     | Killed an ogre mage
 13698 | D:11     | 13698 ||| Stepping ~*~*~tactically~*~*~ (hiding).
 13702 | D:11     | 13702 ||| INVOKING Berserk.
 13707 | D:11     | Reached skill level 12 in Armour
 13815 | D:11     | Noticed a brown ugly thing
 13815 | D:11     | Noticed a red ugly thing
 13816 | D:11     | 13816 ||| Stepping ~*~*~tactically~*~*~ (stealth).
 13823 | D:11     | Killed a brown ugly thing
 13824 | D:11     | Reached XP level 12. HP: 112/112 MP: 11/11
 13882 | D:11     | Found a staircase to the Orcish Mines.
 13883 | D:11     | 13883 ||| Stepping ~*~*~tactically~*~*~ (stealth).
 13886 | D:11     | 13886 ||| Stepping ~*~*~tactically~*~*~ (stealth).
 13919 | D:11     | Identified the +5 hand axe of Eliunk {flame, rF+ Str-5
                  | Dex+2 Stlth+}
 13921 | D:11     | 13921 ||| DROPPING +0 morningstar.
 13936 | D:11     | Noticed a boulder beetle
 13939 | D:11     | 13939 ||| INVOKING Berserk.
 13948 | D:11     | Killed a boulder beetle
 14083 | D:11     | 14083 ||| READING scroll of enchant weapon.
 14083 | D:11     | 14083 ||| ENCHANTING +1 spectral war axe.
 14245 | D:11     | 14245 ||| PLANNING LAIR
 14268 | Lair:1   | Entered Level 1 of the Lair of Beasts
 14269 | Lair:1   | 14269 ||| PLANNING GAUNTLET
 14275 | Lair:1   | Reached skill level 13 in Fighting
 14286 | Lair:1   | Reached skill level 3 in Throwing
 14360 | Lair:1   | Noticed an eight-headed hydra
 14361 | Lair:1   | 14361 ||| INVOKING Brothers in Arms.
 14364 | Lair:1   | 14364 ||| SWAPPING to +5 hand axe of Eliunk {flame, rF+
                  | Str-5 Dex+2 Stlth+}.
 14366 | Lair:1   | 14366 ||| INVOKING Berserk.
 14370 | Lair:1   | Killed a six-headed hydra
 14387 | Lair:1   | 14387 ||| SWAPPING to +2 spectral war axe.
 14599 | Lair:1   | Found a gate leading to a gauntlet.
 14607 | Gauntlet | Entered a Gauntlet
 14607 | Gauntlet | Found a transporter.
 14607 | Gauntlet | Found a transporter.
 14611 | Gauntlet | Found a transporter.
 14612 | Gauntlet | Found a transporter.
 14621 | Gauntlet | Found a transporter.
 14621 | Gauntlet | Noticed a catoblepas
 14631 | Gauntlet | Found a transporter.
 14631 | Gauntlet | Found a transporter.
 14631 | Gauntlet | Noticed a reaper
 14655 | Gauntlet | Found a transporter.
 14657 | Gauntlet | Noticed a blizzard demon
 14662 | Gauntlet | Found a transporter.
 14674 | Gauntlet | Found a transporter.
 14696 | Gauntlet | Found a transporter.
 14710 | Gauntlet | Noticed a ghost crab
 14738 | Gauntlet | Found a transporter.
 14748 | Gauntlet | Found a transporter.
 14762 | Gauntlet | Found a transporter.
 14864 | Gauntlet | Found a transporter.
 14869 | Gauntlet | Noticed a reaper
 14878 | Gauntlet | Found a transporter.
 14965 | Gauntlet | 14965 ||| Stepping randomly (stuck).
 14966 | Gauntlet | 14966 ||| Stepping randomly (stuck).
 14967 | Gauntlet | 14967 ||| Stepping ~*~*~tactically~*~*~ (hiding).
 14972 | Gauntlet | 14972 ||| Stepping ~*~*~tactically~*~*~ (hiding).
 14985 | Gauntlet | Reached skill level 6 in Dodging
 14995 | Gauntlet | 14995 ||| DROPPING +0 hat of stealth.
 15015 | Gauntlet | 15015 ||| Stepping ~*~*~tactically~*~*~ (hiding).
 15022 | Gauntlet | Killed a blizzard demon
 15126 | Gauntlet | 15126 ||| DROPPING ring of magical power.
 15143 | Gauntlet | 15143 ||| Stepping ~*~*~tactically~*~*~ (hiding).
 15244 | Gauntlet | 15244 ||| INVOKING Berserk.
 15245 | Gauntlet | Killed a reaper
 15308 | Gauntlet | 15308 ||| UPGRADING to ring of positive energy.
 15325 | Gauntlet | Noticed a minotaur
 15329 | Gauntlet | 15329 ||| INVOKING Berserk.
 15335 | Gauntlet | Killed a minotaur
 15336 | Gauntlet | Reached skill level 14 in Fighting
 15491 | Gauntlet | 15491 ||| UPGRADING to +2 chain mail of cold resistance.
 15507 | Lair:1   | 15507 ||| PLANNING LAIR
 15686 | Lair:1   | 15686 ||| INVOKING Berserk.
 16106 | Lair:2   | Found a staircase to the Swamp.
 16109 | Lair:2   | 16109 ||| STAIRDANCE
 16123 | Lair:2   | 16123 ||| INVOKING Berserk.
 16130 | Lair:2   | 16130 ||| STAIRDANCE
 16255 | Lair:2   | 16255 ||| Stepping ~*~*~tactically~*~*~ (stealth).
 16257 | Lair:2   | 16257 ||| INVOKING Berserk.
 16334 | Lair:2   | 16334 ||| Stepping ~*~*~tactically~*~*~ (stealth).
 16450 | Lair:2   | 16450 ||| Stepping ~*~*~tactically~*~*~ (stealth).
 16461 | Lair:2   | 16461 ||| Stepping ~*~*~tactically~*~*~ (stealth).
 16474 | Lair:2   | 16474 ||| Stepping ~*~*~tactically~*~*~ (stealth).
 16477 | Lair:2   | Reached skill level 6 in Throwing
 16487 | Lair:2   | 16487 ||| Stepping ~*~*~tactically~*~*~ (stealth).
 16489 | Lair:2   | 16489 ||| Stepping ~*~*~tactically~*~*~ (stealth).
 16520 | Lair:2   | 16520 ||| Stepping ~*~*~tactically~*~*~ (stealth).
 16530 | Lair:2   | 16530 ||| Stepping ~*~*~tactically~*~*~ (stealth).
 16680 | Lair:2   | 16680 ||| INVOKING Berserk.
 16684 | Lair:2   | Reached XP level 13. HP: 124/124 MP: 12/12
 16864 | Lair:2   | 16864 ||| Stepping ~*~*~tactically~*~*~ (stealth).
 16917 | Lair:2   | 16917 ||| INVOKING Berserk.
 17108 | Lair:2   | 17108 ||| READING scroll of enchant weapon.
 17108 | Lair:2   | 17108 ||| ENCHANTING +2 spectral war axe.
 17111 | Lair:2   | Found a hole to the Spider Nest.
 17112 | Lair:2   | 17112 ||| INVOKING Brothers in Arms.
 17116 | Lair:2   | 17116 ||| READING 5 scrolls of teleportation.
 17117 | Lair:2   | 17117 ||| Stepping randomly (stuck).
 17118 | Lair:2   | 17118 ||| FLEEEEING.
 17304 | Lair:2   | 17304 ||| INVOKING Brothers in Arms.
 17308 | Lair:2   | 17308 ||| INVOKING Berserk.
 17310 | Lair:2   | HP: 44/187 [orb spider (9)]
 17506 | Lair:3   | 17506 ||| Stepping ~*~*~tactically~*~*~ (stealth).
 17511 | Lair:3   | 17511 ||| Stepping ~*~*~tactically~*~*~ (stealth).
 17527 | Lair:3   | Reached skill level 15 in Fighting
 17527 | Lair:3   | 17527 ||| FLEEEEING.
 17528 | Lair:3   | 17528 ||| FLEEEEING.
 17572 | Lair:3   | 17572 ||| Stepping ~*~*~tactically~*~*~ (stealth).
 17573 | Lair:3   | 17573 ||| INVOKING Berserk.
 17707 | Lair:3   | 17707 ||| INVOKING Berserk.
 17802 | Lair:3   | 17802 ||| INVOKING Berserk.
 17851 | Lair:3   | 17851 ||| Stepping ~*~*~tactically~*~*~ (stealth).
 17852 | Lair:3   | 17852 ||| INVOKING Brothers in Arms.
 17853 | Lair:3   | 17853 ||| SWAPPING to +5 hand axe of Eliunk {flame, rF+
                  | Str-5 Dex+2 Stlth+}.
 17855 | Lair:3   | 17855 ||| INVOKING Berserk.
 17863 | Lair:3   | 17863 ||| SWAPPING to +3 spectral war axe.
 17957 | Lair:3   | 17957 ||| INVOKING Berserk.
 18141 | Lair:3   | 18141 ||| INVOKING Berserk.
 18270 | Lair:3   | Noticed Snorg
 18275 | Lair:3   | 18275 ||| INVOKING Berserk.
 18280 | Lair:3   | Killed Snorg
 18281 | Lair:3   | Reached skill level 16 in Fighting
 18728 | Lair:3   | 18728 ||| INVOKING Berserk.
 18756 | Lair:3   | 18756 ||| Stepping ~*~*~tactically~*~*~ (stealth).
 18790 | Lair:3   | 18790 ||| Stepping ~*~*~tactically~*~*~ (stealth).
 18792 | Lair:3   | 18792 ||| INVOKING Berserk.
 19387 | Lair:4   | 19387 ||| INVOKING Brothers in Arms.
 19388 | Lair:4   | 19388 ||| INVOKING Brothers in Arms.
 19389 | Lair:4   | 19389 ||| INVOKING Brothers in Arms.
 19390 | Lair:4   | 19390 ||| SWAPPING to +5 hand axe of Eliunk {flame, rF+
                  | Str-5 Dex+2 Stlth+}.
 19391 | Lair:4   | 19391 ||| INVOKING Berserk.
 19403 | Lair:4   | 19403 ||| SWAPPING to +3 spectral war axe.
 19425 | Lair:4   | 19425 ||| FLEEEEING.
 19426 | Lair:4   | 19426 ||| FLEEEEING.
 19427 | Lair:4   | 19427 ||| FLEEEEING.
 19428 | Lair:4   | 19428 ||| FLEEEEING.
 19429 | Lair:4   | 19429 ||| FLEEEEING.
 19430 | Lair:4   | 19430 ||| FLEEEEING.
 19431 | Lair:4   | 19431 ||| FLEEEEING.
 19432 | Lair:4   | 19432 ||| FLEEEEING.
 19433 | Lair:4   | 19433 ||| FLEEEEING.
 19434 | Lair:4   | 19434 ||| FLEEEEING.
 19548 | Lair:4   | 19548 ||| Stepping ~*~*~tactically~*~*~ (hiding).
 19556 | Lair:4   | 19556 ||| DRINKING 2 potions of cancellation.
 19780 | Lair:4   | 19780 ||| READING scroll of enchant weapon.
 19780 | Lair:4   | 19780 ||| ENCHANTING +3 spectral war axe.
 19805 | Lair:4   | Found a staircase to the Slime Pits.
 19806 | Lair:4   | Found a viscous altar of Jiyva.
 19817 | Lair:4   | 19817 ||| INVOKING Berserk.
 20155 | Lair:4   | Noticed Urug
 20159 | Lair:4   | Killed Urug
 20339 | Lair:4   | 20339 ||| DROPPING amulet of guardian spirit.
 20340 | Lair:4   | 20340 ||| UPGRADING to ring of willpower.
 20382 | Lair:5   | Entered Level 5 of the Lair of Beasts
 20427 | Lair:5   | 20427 ||| INVOKING Berserk.
 20434 | Lair:5   | Reached skill level 17 in Fighting
 20470 | Lair:5   | 20470 ||| Stepping ~*~*~tactically~*~*~ (water).
 20489 | Lair:5   | Reached XP level 14. HP: 75/140 MP: 13/13
 20514 | Lair:5   | 20514 ||| FLEEEEING.
 20520 | Lair:5   | 20520 ||| STAIRDANCE
 20562 | Lair:5   | 20562 ||| Stepping ~*~*~tactically~*~*~ (stealth).
 20689 | Lair:5   | 20689 ||| INVOKING Berserk.
 20865 | Lair:5   | 20865 ||| Stepping ~*~*~tactically~*~*~ (stealth).
 20866 | Lair:5   | 20866 ||| Stepping ~*~*~tactically~*~*~ (stealth).
 20870 | Lair:5   | 20870 ||| INVOKING Berserk.
 20891 | Lair:5   | Reached skill level 9 in Throwing
 21138 | Lair:5   | 21138 ||| Stepping ~*~*~tactically~*~*~ (water).
 21239 | Lair:5   | 21239 ||| Stepping ~*~*~tactically~*~*~ (stealth).
 21240 | Lair:5   | 21240 ||| Stepping ~*~*~tactically~*~*~ (stealth).
 21247 | Lair:5   | Noticed Josephine
 21248 | Lair:5   | 21248 ||| Stepping ~*~*~tactically~*~*~ (hiding).
 21254 | Lair:5   | Killed Josephine
 21340 | Lair:5   | 21340 ||| Stepping ~*~*~tactically~*~*~ (hiding).
 21643 | Lair:5   | 21643 ||| Stepping ~*~*~tactically~*~*~ (stealth).
 21659 | Lair:5   | 21659 ||| Stepping ~*~*~tactically~*~*~ (stealth).
 21660 | Lair:5   | 21660 ||| Stepping ~*~*~tactically~*~*~ (stealth).
 21672 | Lair:5   | 21672 ||| PLANNING D
 21672 | Lair:5   | 21672 ||| READING scroll labelled KOYRAS OTOL.
 21672 | Lair:5   | Identified a scroll of acquirement
 21672 | Lair:5   | 21672 ||| ACQUIRING +4 pair of gloves of Dishonour {rPois
                  | rC+ Will+}
 21672 | Lair:5   | Acquired the +4 pair of gloves of Dishonour {rPois rC+
                  | Will+}
 21674 | Lair:5   | 21674 ||| UPGRADING to +4 pair of gloves of Dishonour
                  | {rPois rC+ Will+}.
 21684 | Lair:5   | 21684 ||| REMOVING ring of poison resistance.
 21685 | Lair:5   | 21685 ||| UPGRADING to +0 plate armour.
 21695 | Lair:5   | 21695 ||| DROPPING +0 pair of gloves.
 21696 | Lair:5   | 21696 ||| UPGRADING to ring of positive energy.
 21711 | Lair:5   | 21711 ||| Stepping ~*~*~tactically~*~*~ (stealth).
 21712 | Lair:5   | 21712 ||| Stepping ~*~*~tactically~*~*~ (stealth).
 21853 | D:12     | Received a gift from Trog
 21985 | D:12     | Noticed Fannar
 21986 | D:12     | 21986 ||| Stepping ~*~*~tactically~*~*~ (hiding).
 21987 | D:12     | 21987 ||| Stepping ~*~*~tactically~*~*~ (hiding).
 21989 | D:12     | 21989 ||| Stepping ~*~*~tactically~*~*~ (hiding).
 22004 | D:12     | Killed Fannar
 22025 | D:12     | 22025 ||| INVOKING Brothers in Arms.
 22026 | D:12     | 22026 ||| SWAPPING to +5 hand axe of Eliunk {flame, rF+
                  | Str-5 Dex+2 Stlth+}.
 22027 | D:12     | 22027 ||| INVOKING Berserk.
 22035 | D:12     | 22035 ||| SWAPPING to +4 spectral war axe.
 22281 | D:12     | Identified the +7 dagger "Beetlebane" {flame, MP+9 Str+4
                  | Int+5}
 22531 | D:12     | 22531 ||| DROPPING +1 pair of boots.
 22532 | D:12     | 22532 ||| UPGRADING to +6 ring of intelligence.
 22575 | D:13     | Reached skill level 15 in Armour
 22590 | D:13     | 22590 ||| INVOKING Trog's Hand.
 22656 | D:13     | 22656 ||| INVOKING Brothers in Arms.
 22657 | D:13     | 22657 ||| INVOKING Brothers in Arms.
 22659 | D:13     | 22659 ||| SWAPPING to +5 hand axe of Eliunk {flame, rF+
                  | Str-5 Dex+2 Stlth+}.
 22660 | D:13     | 22660 ||| INVOKING Berserk.
 22666 | D:13     | 22666 ||| SWAPPING to +4 spectral war axe.
 22953 | D:13     | Found Feabo Miotyl's Jewellery Boutique.
 22964 | D:13     | 22964 ||| BUYING +4 ring of protection (540 gold).
 22964 | D:13     | Bought a +4 ring of protection for 540 gold pieces
 22964 | D:13     | 22964 ||| BUYING +6 ring of dexterity (540 gold).
 22964 | D:13     | Bought a +6 ring of dexterity for 540 gold pieces
 22964 | D:13     | 22964 ||| SHOPLISTING amulet of reflection (450 gold, have
                  | 33).
 22964 | D:13     | 22964 ||| SHOPLISTING ring of poison resistance (300 gold,
                  | have 33).
 22964 | D:13     | 22964 ||| SHOPLISTING ring of see invisible (225 gold, have
                  | 33).
 22983 | D:13     | Found Etheopro's Pet Rocks.
 22984 | D:13     | 22984 ||| Stepping ~*~*~tactically~*~*~ (stealth).
 22986 | D:13     | 22986 ||| Stepping ~*~*~tactically~*~*~ (stealth).
 23003 | D:13     | 23003 ||| SHOPLISTING wand of digging (5) (294 gold, have
                  | 33).
 23261 | D:13     | 23261 ||| Stepping ~*~*~tactically~*~*~ (hiding).
 23263 | D:13     | 23263 ||| INVOKING Berserk.
 23278 | D:13     | 23278 ||| Stepping ~*~*~tactically~*~*~ (stealth).
 23288 | D:13     | 23288 ||| Stepping ~*~*~tactically~*~*~ (stealth).
 23347 | D:13     | 23347 ||| Stepping ~*~*~tactically~*~*~ (stealth).
 23352 | D:13     | 23352 ||| Stepping ~*~*~tactically~*~*~ (stealth).
 23369 | D:13     | 23369 ||| DROPPING ring of ice.
 23370 | D:13     | 23370 ||| UPGRADING to +4 ring of protection.
 23372 | D:13     | 23372 ||| UPGRADING to +6 ring of dexterity.
 23374 | D:13     | 23374 ||| DROPPING ring of positive energy.
 23375 | D:13     | 23375 ||| DROPPING +6 ring of intelligence.
 23376 | D:13     | 23376 ||| DROPPING ring of willpower.
 23423 | D:14     | 23423 ||| Stepping ~*~*~tactically~*~*~ (hiding).
 23425 | D:14     | 23425 ||| Stepping ~*~*~tactically~*~*~ (hiding).
 23473 | D:14     | Noticed Roxanne
 23480 | D:14     | 23480 ||| INVOKING Berserk.
 23496 | D:14     | Killed Roxanne
 23634 | D:14     | Reached skill level 9 in Dodging
 23704 | D:14     | 23704 ||| INVOKING Berserk.
 23838 | D:14     | 23838 ||| Stepping ~*~*~tactically~*~*~ (hiding).
 23888 | D:14     | 23888 ||| Stepping ~*~*~tactically~*~*~ (hiding).
 23913 | D:14     | Identified the ring of the Dragon {rPois rF+ Str+2}
 23914 | D:14     | 23914 ||| INVOKING Berserk.
 23919 | D:14     | Identified the ring "Niffo" {rPois rF+ Str+3 Slay+2}
 24043 | D:14     | Identified the ring "Cajos" {rCorr Int+4}
 24044 | D:14     | 24044 ||| INVOKING Brothers in Arms.
 24045 | D:14     | 24045 ||| SWAPPING to +5 hand axe of Eliunk {flame, rF+
                  | Str-5 Dex+2 Stlth+}.
 24046 | D:14     | 24046 ||| INVOKING Berserk.
 24066 | D:14     | 24066 ||| SWAPPING to +4 spectral war axe.
 24169 | D:14     | Identified the ring of Ugeviz {MP+9 Str-3 Dex+7 Stlth-}
 24240 | D:14     | 24240 ||| Stepping ~*~*~tactically~*~*~ (hiding).
 24244 | D:14     | 24244 ||| INVOKING Trog's Hand.
 24247 | D:14     | Reached XP level 15. HP: 104/148 MP: 14/14
 24248 | D:14     | 24248 ||| INVOKING Berserk.
 24285 | D:14     | Found a gate to the Vaults.
 24490 | D:14     | 24490 ||| Stepping ~*~*~tactically~*~*~ (stealth).
 24491 | D:14     | 24491 ||| Stepping ~*~*~tactically~*~*~ (stealth).
 24668 | D:14     | 24668 ||| UPGRADING to ring of the Dragon {rPois rF+
                  | Str+2}.
 24670 | D:14     | 24670 ||| DROPPING ring of poison resistance.
 24671 | D:14     | 24671 ||| UPGRADING to ring "Niffo" {rPois rF+ Str+3
                  | Slay+2}.
 24673 | D:14     | 24673 ||| DROPPING +6 ring of dexterity.
 24674 | D:14     | 24674 ||| UPGRADING to ring "Cajos" {rCorr Int+4}.
 24676 | D:14     | 24676 ||| UPGRADING to +4 ring of protection.
 24678 | D:14     | 24678 ||| DROPPING ring of Ugeviz {MP+9 Str-3 Dex+7
                  | Stlth-}.
 24679 | D:14     | 24679 ||| DROPPING ring of protection from cold.
 24680 | D:14     | 24680 ||| DROPPING ring "Cajos" {rCorr Int+4}.
 24700 | D:15     | Entered Level 15 of the Dungeon
 24709 | D:15     | Reached skill level 18 in Fighting
 24714 | D:15     | 24714 ||| Stepping ~*~*~tactically~*~*~ (stealth).
 24715 | D:15     | 24715 ||| Stepping ~*~*~tactically~*~*~ (stealth).
 24727 | D:15     | 24727 ||| Stepping ~*~*~tactically~*~*~ (stealth).
 24730 | D:15     | 24730 ||| INVOKING Berserk.
 24806 | D:15     | 24806 ||| Stepping ~*~*~tactically~*~*~ (stealth).
 24908 | D:15     | 24908 ||| INVOKING Berserk.
 24928 | D:15     | 24928 ||| Stepping ~*~*~tactically~*~*~ (stealth).
 25074 | D:15     | 25074 ||| SWAPPING to +2 broad axe of freezing.
 25075 | D:15     | 25075 ||| DROPPING +4 spectral war axe.
 25076 | D:15     | 25076 ||| READING 4 scrolls of brand weapon.
 25076 | D:15     | 25076 ||| BRANDING +2 broad axe of freezing.
 25077 | D:15     | 25077 ||| READING 3 scrolls of brand weapon.
 25077 | D:15     | 25077 ||| BRANDING +2 vorpal broad axe.
 25078 | D:15     | 25078 ||| DROPPING +5 hand axe of Eliunk {flame, rF+ Str-5
                  | Dex+2 Stlth+}.
 25079 | D:15     | 25079 ||| READING 2 scrolls of brand weapon.
 25079 | D:15     | 25079 ||| BRANDING +2 broad axe of flaming.
 25226 | D:15     | 25226 ||| DROPPING +0 mace.
 25549 | D:15     | 25549 ||| STAIRDANCE
 25601 | D:15     | 25601 ||| INVOKING Berserk.
 25612 | D:15     | Found a staircase to the Depths.
 25830 | D:15     | Found Pahaiwn's Assorted Antiques.
 25838 | D:15     | 25838 ||| SHOPLISTING shiny plate armour (702 gold, have
                  | 166).
 25900 | D:15     | 25900 ||| PLANNING ORC
 26002 | Orc:1    | Entered Level 1 of the Orcish Mines
 26021 | Orc:1    | 26021 ||| INVOKING Berserk.
 26219 | Orc:2    | Entered Level 2 of the Orcish Mines
 26219 | Orc:2    | Found a burning altar of Makhleb.
 26278 | Orc:2    | 26278 ||| INVOKING Trog's Hand.
 26281 | Orc:2    | 26281 ||| INVOKING Berserk.
 26470 | Orc:2    | 26470 ||| Stepping ~*~*~tactically~*~*~ (hiding).
 26472 | Orc:2    | 26472 ||| Stepping ~*~*~tactically~*~*~ (hiding).
 26475 | Orc:2    | 26475 ||| Stepping ~*~*~tactically~*~*~ (stealth).
 26509 | Orc:2    | 26509 ||| Stepping ~*~*~tactically~*~*~ (stealth).
 26526 | Orc:2    | 26526 ||| Stepping ~*~*~tactically~*~*~ (hiding).
 26528 | Orc:2    | Noticed an orc warlord
 26533 | Orc:2    | 26533 ||| INVOKING Berserk.
 26541 | Orc:2    | Killed an orc warlord
 26567 | Orc:2    | 26567 ||| INVOKING Trog's Hand.
 26571 | Orc:2    | 26571 ||| INVOKING Brothers in Arms.
 26657 | Orc:2    | Found Zam Faer's General Store.
 26661 | Orc:2    | Found Gebb's Jewellery Shop.
 26672 | Orc:2    | 26672 ||| SHOPLISTING amulet "Qyjyets" {rC++ rN+ Regen+
                  | Int-5} (626 gold, have 452).
 26672 | Orc:2    | 26672 ||| SHOPLISTING amulet "Veczen" {Regen+ Str+3} (562
                  | gold, have 452).
 26688 | Orc:2    | 26688 ||| SHOPLISTING +4 scale mail of poison resistance
                  | (504 gold, have 452).
 26688 | Orc:2    | 26688 ||| BUYING potion of curing (54 gold).
 26688 | Orc:2    | Bought a potion of curing for 54 gold pieces
 26688 | Orc:2    | 26688 ||| BUYING scroll of teleportation (54 gold).
 26688 | Orc:2    | Bought a scroll of teleportation for 54 gold pieces
 26713 | Orc:2    | 26713 ||| Stepping ~*~*~tactically~*~*~ (stealth).
 26754 | Orc:2    | Found Garic's Book Emporium.
 26763 | Orc:2    | 26763 ||| Stepping ~*~*~tactically~*~*~ (stealth).
 26764 | Orc:2    | 26764 ||| Stepping ~*~*~tactically~*~*~ (stealth).
 26765 | Orc:2    | 26765 ||| Stepping ~*~*~tactically~*~*~ (stealth).
 26766 | Orc:2    | 26766 ||| Stepping ~*~*~tactically~*~*~ (stealth).
 26793 | Orc:2    | Reached skill level 18 in Axes
 26954 | Orc:2    | Found Perin's Antique Weapon Shop.
 27048 | Orc:2    | Found Wiufom's Antique Armour Shop.
 27054 | Orc:2    | 27054 ||| SHOPLISTING +0 mask of the Dragon {Will+ Slay+3
                  | SInv} (801 gold, have 632).
 27054 | Orc:2    | 27054 ||| BUYING glowing plate armour (624 gold).
 27054 | Orc:2    | Bought a glowing plate armour for 624 gold pieces
 27054 | Orc:2    | 27054 ||| SHOPLISTING runed plate armour (624 gold, have
                  | 8).
 27140 | Orc:2    | Found a staircase to the Elven Halls.
 27160 | Orc:2    | 27160 ||| UPGRADING to +1 plate armour of willpower.
 27170 | Orc:2    | 27170 ||| DROPPING +0 plate armour.
 27171 | Orc:2    | 27171 ||| DROPPING +2 chain mail of cold resistance.
 27196 | Orc:1    | 27196 ||| INVOKING Trog's Hand.
 27202 | Orc:1    | 27202 ||| INVOKING Berserk.
 27225 | Orc:1    | Noticed an orc warlord
 27226 | Orc:1    | 27226 ||| INVOKING Brothers in Arms.
 27232 | Orc:1    | Killed an orc warlord
 27354 | Orc:1    | 27354 ||| DROPPING +3 morningstar.
 27385 | Orc:1    | Found Hivarywk's Armour Shoppe.
 27394 | Orc:1    | 27394 ||| SHOPLISTING +1 shadow dragon scales (957 gold,
                  | have 233).
 27502 | Orc:1    | 27502 ||| Stepping ~*~*~tactically~*~*~ (stealth).
 27503 | Orc:1    | 27503 ||| Stepping ~*~*~tactically~*~*~ (hiding).
 27508 | Orc:1    | 27508 ||| INVOKING Berserk.
 27705 | Orc:1    | Found a burning altar of Makhleb.
 27740 | Orc:1    | 27740 ||| PLANNING SPIDER:1-3
 27891 | Spider:1 | Entered Level 1 of the Spider Nest
 27974 | Spider:1 | 27974 ||| Stepping ~*~*~tactically~*~*~ (hiding).
 28028 | Spider:1 | Noticed Agnes
 28029 | Spider:1 | 28029 ||| INVOKING Brothers in Arms.
 28031 | Spider:1 | 28031 ||| INVOKING Berserk.
 28035 | Spider:1 | Killed Agnes
 28166 | Spider:1 | 28166 ||| READING scroll of enchant weapon.
 28166 | Spider:1 | 28166 ||| ENCHANTING +2 vampiric broad axe.
 28371 | Spider:1 | You fall into a shaft and drop 1 floor!
 28380 | Spider:2 | 28380 ||| READING 12 scrolls of identify.
 28380 | Spider:2 | 28380 ||| IDENTIFYING lumpy ruby potion
 28381 | Spider:2 | 28381 ||| DROPPING potion of flight.
 28412 | Spider:2 | Noticed an emperor scorpion
 28413 | Spider:2 | 28413 ||| Stepping ~*~*~tactically~*~*~ (stealth).
 28415 | Spider:2 | 28415 ||| INVOKING Berserk.
 28425 | Spider:2 | Killed an emperor scorpion
 28426 | Spider:2 | Reached skill level 19 in Fighting
 28571 | Spider:2 | 28571 ||| INVOKING Brothers in Arms.
 28575 | Spider:2 | 28575 ||| INVOKING Brothers in Arms.
 28623 | Spider:2 | Reached XP level 16. HP: 160/160 MP: 0/15
 28745 | Spider:1 | 28745 ||| Stepping ~*~*~tactically~*~*~ (hiding).
 28747 | Spider:1 | 28747 ||| DRINKING 2 potions of resistance.
 28814 | Spider:1 | 28814 ||| Stepping ~*~*~tactically~*~*~ (stealth).
 28815 | Spider:1 | 28815 ||| Stepping ~*~*~tactically~*~*~ (stealth).
 28817 | Spider:1 | 28817 ||| Stepping ~*~*~tactically~*~*~ (stealth).
 28840 | Spider:1 | 28840 ||| Stepping ~*~*~tactically~*~*~ (stealth).
 29060 | Spider:1 | 29060 ||| INVOKING Brothers in Arms.
 29565 | Spider:2 | Noticed Nikola
 29566 | Spider:2 | 29566 ||| INVOKING Brothers in Arms.
 29568 | Spider:2 | 29568 ||| INVOKING Berserk.
 29578 | Spider:2 | Killed Nikola
 29613 | Spider:2 | Noticed Louise
 29614 | Spider:2 | 29614 ||| Stepping ~*~*~tactically~*~*~ (stealth).
 29615 | Spider:2 | 29615 ||| Stepping ~*~*~tactically~*~*~ (stealth).
 29618 | Spider:2 | 29618 ||| Stepping ~*~*~tactically~*~*~ (stealth).
 29619 | Spider:2 | 29619 ||| Stepping ~*~*~tactically~*~*~ (stealth).
 29620 | Spider:2 | 29620 ||| Stepping ~*~*~tactically~*~*~ (stealth).
 29621 | Spider:2 | 29621 ||| Stepping ~*~*~tactically~*~*~ (stealth).
 29625 | Spider:2 | 29625 ||| Stepping ~*~*~tactically~*~*~ (hiding).
 29626 | Spider:2 | 29626 ||| Stepping ~*~*~tactically~*~*~ (hiding).
 29628 | Spider:2 | 29628 ||| INVOKING Trog's Hand.
 29629 | Spider:2 | 29629 ||| INVOKING Berserk.
 29642 | Spider:2 | Killed Louise
 29643 | Spider:2 | Reached skill level 18 in Armour
 29948 | Spider:2 | 29948 ||| UPGRADING to +0 tower shield.
 30000 | Spider:3 | 30000 ||| INVOKING Berserk.
 30006 | Spider:3 | Reached skill level 1 in Shields
 30010 | Spider:3 | 30010 ||| DRINKING 14 potions of curing.
 30010 | Spider:3 | 30010 ||| (to cure confusion)
 30011 | Spider:3 | 30011 ||| INVOKING Brothers in Arms.
 30012 | Spider:3 | 30012 ||| INVOKING Brothers in Arms.
 30013 | Spider:3 | 30013 ||| DRINKING 3 potions of cancellation.
 30015 | Spider:3 | HP: 38/153 [wolf spider (9)]
 30016 | Spider:3 | 30016 ||| READING 7 scrolls of teleportation.
 30016 | Spider:3 | HP: 15/153 [wolf spider (5)]
 30016 | Spider:3 | HP: 4/153 [entropy weaver (7)]
 30017 | Spider:3 | 30017 ||| DRINKING 2 potions of heal wounds.
 30017 | Spider:3 | Slain by a ghost moth

Levels and vault maps discovered:
D:1:      grunt_arrival_crossed_arrows, layout_basic, kennysheep_pointless_box
D:2:      layout_loops_ring, basic_altar,
          hellmonk_ecumenical_altar_slurped_away, minmay_misc_feat_columns,
          uniq_terence, uniq_jessica
D:3:      layout_rooms, kiku_gazebo_garden_becter, okawaru_metal_pillars_1_2,
          uniq_natasha
D:4:      layout_loops_ring, ebering_ghost_sewer_f, gup_sewer_entry_bowl,
          uniq_ijyb
D:5:      layout_cave_pools, kennysheep_nondescript, serial_bayou_lake_a
D:6:      layout_basic, grunt_temple_overflow_cloverleaf,
          minmay_temple_entry_from_below_a, serial_glass, glass_columns_b,
          glass_columns_b, minmay_strange_pillars, uniq_blork_the_orc
D:7:      cheibrodos_wizards_tower, layout_basic, mainiacjoe_overflow_chevrons,
          minmay_misc_feat_rows
D:8:      layout_basic, marbit_many_paths
D:9:      layout_cave_pods, patterned_corridor, uniq_grum
D:10:     layout_loops_corners, nicolae_trove_entry_free_sample, serial_shops,
          nicolae_lakefront_shop
D:11:     layout_irregular_city, due_lair_maze_entry_diamond, david_orc_2,
          minmay_pinched_square
D:12:     layout_rooms, uniq_fannar
D:13:     layout_gridville, serial_shops, shop, guppyfry_shop_earth
D:14:     minmay_the_grid_triangle_9x9_rhombus_thin
          [minmay_the_grid_triangle_9x9_minimal,
          minmay_the_grid_triangle_9x9_prize_special,
          minmay_the_grid_triangle_9x9_steps,
          minmay_the_grid_triangle_9x9_intruding_spiral], layout_irregular_city,
          david_vaults_2, serial_glass, glass_columns_b, glass_columns_a,
          uniq_roxanne
D:15:     hangedman_depths_entry_try_elsewhere_first, layout_basic,
          serial_shops, shop_statue, minmay_misc_feat_cross, lemuel_old_faithful
Lair:1:   layout_loops_ring, gauntlet_entry_generic, serial_bayou_pond_c,
          infiniplex_staircase_pool_2
Lair:2:   layout_roguey [special_room_bee], minmay_swamp_entry_reptiles,
          nicolae_spider_entry_orb_guardian, st_stairs_4
Lair:3:   layout_cave_pods, chequers_serial_rivers_small_3,
          cheibrodos_lair_lostbears, lemuel_fruit_fields, uniq_snorg
Lair:4:   layout_cave_shapes, nicolae_slime_entry_slimehenge, lemuel_fruit_tree,
          uniq_urug
Lair:5:   minmay_lair_end_frog_pond, layout_gridlike, uniq_josephine
Spider:1: layout_chambers, uniq_agnes
Spider:2: layout_spider_delve, nicolae_spider_cling_halls, uniq_louise,
          uniq_nikola
Spider:3: layout_spider_delve
Orc:1:    layout_caves, serial_shops, nicolae_diamond_shop, basic_altar
Orc:2:    grunt_orc_cross, layout_caves, serial_shops, shop_coins,
          hangedman_feature_mirror, elves_outpost_lemuel

Skill      XL: |  1  2  3  4  5  6  7  8  9 10 11 12 13 14 15 16 |
---------------+-------------------------------------------------+-----
Axes           | 4 5 6 8 9 12 13 16 18 | 18.0
Fighting       | 4 6 8 9 12 14 17 19 | 19.0
Armour         | 3 4 5 7 9 12 13 14 16 17 18 | 18.0
Throwing       | 2 6 7 9 10 | 10.0
Dodging        | 3 5 6 8 9 10 | 10.0
Shields        | 1 |  1.3

Action                   |  1- 3 |  4- 6 |  7- 9 | 10-12 | 13-15 | 16-18 || total
-------------------------+-------+-------+-------+-------+-------+-------++-------
Melee: Hand axe          |    67 |   169 |   182 |    16 |    10 |       ||   444
       Headbutt          |     5 |    21 |    53 |    76 |   189 |    15 ||   359
       Punch             |       |     3 |       |     3 |     6 |     2 ||    14
       War axe           |       |       |    76 |   392 |   400 |       ||   868
       Broad axe         |       |       |       |       |   282 |    42 ||   324
Throw: Boomerang         |       |       |    58 |    75 |    96 |     1 ||   230
       Javelin           |       |       |       |    14 |   158 |     8 ||   180
Invok: Berserk           |     1 |     7 |     8 |    22 |    34 |     3 ||    75
       Trog's Hand       |       |       |     2 |     1 |     5 |     1 ||     9
       Brothers in Arms  |       |       |       |     2 |    12 |     3 ||    17
  Use: Scroll            |     1 |     9 |     9 |     6 |     9 |     1 ||    35
       Potion            |       |     4 |     5 |     1 |     1 |     4 ||    15
 Stab: Invisible         |       |     1 |       |       |       |       ||     1
       Distracted        |       |       |       |     7 |     8 |       ||    15
Armor: Animal skin       |    13 |     3 |       |       |       |       ||    16
       Scale mail        |       |    12 |       |       |       |       ||    12
       Plate armour      |       |    61 |   159 |   135 |   258 |   110 ||   723
       Chain mail        |       |       |       |    39 |    93 |       ||   132
Dodge: Dodged            |    38 |    56 |    74 |   129 |   277 |    35 ||   609
Block: Tower shield      |       |       |       |       |       |    22 ||    22

Table legend:
 A = Non-vault XP
 B = Vault XP
 C = Vault XP percentage of total XP
 D = Non-vault monster count
 E = Vault monster count
 F = Vault count percentage of total count
                 A         B        C        D         E       F
            +---------+---------+-------+---------+---------+-------
      Total |   99612 |   62919 |  38.7 |     525 |     248 |  32.1
            +---------+---------+-------+---------+---------+-------
        D:1 |      44 |       0 |   0.0 |      25 |       0 |   0.0
        D:2 |     120 |      75 |  38.5 |      25 |       3 |  10.7
        D:3 |     328 |      35 |   9.6 |      24 |       1 |   4.0
        D:4 |     193 |      51 |  20.9 |      29 |       3 |   9.4
        D:5 |     624 |       0 |   0.0 |      13 |       0 |   0.0
        D:6 |     816 |      90 |   9.9 |      15 |       1 |   6.2
        D:7 |     810 |     543 |  40.1 |      13 |       1 |   7.1
        D:8 |    1446 |      54 |   3.6 |      27 |       1 |   3.6
        D:9 |    2112 |     655 |  23.7 |      27 |       5 |  15.6
       D:10 |    3286 |       0 |   0.0 |      28 |       0 |   0.0
       D:11 |    4982 |    7667 |  60.6 |      15 |      30 |  66.7
       D:12 |    3088 |     865 |  21.9 |      13 |       1 |   7.1
       D:13 |    6471 |    1072 |  14.2 |      20 |       3 |  13.0
       D:14 |    6950 |    8506 |  55.0 |      20 |      14 |  41.2
       D:15 |    9100 |    1816 |  16.6 |      22 |       3 |  12.0
     Lair:1 |    4637 |       0 |   0.0 |      17 |       0 |   0.0
     Lair:2 |    3814 |    3639 |  48.8 |      20 |      33 |  62.3
     Lair:3 |    6696 |    2468 |  26.9 |      27 |       6 |  18.2
     Lair:4 |    6087 |     842 |  12.2 |      17 |       4 |  19.0
     Lair:5 |   12937 |   11497 |  47.1 |      38 |      42 |  52.5
   Spider:1 |    7050 |    1449 |  17.0 |      17 |       1 |   5.6
   Spider:2 |    7708 |    3527 |  31.4 |      13 |       2 |  13.3
   Spider:3 |     865 |       0 |   0.0 |       3 |       0 |   0.0
      Orc:1 |    5558 |       0 |   0.0 |      36 |       0 |   0.0
      Orc:2 |    3890 |   12838 |  76.7 |      21 |      48 |  69.6
      Sewer |       0 |     580 | 100.0 |       0 |      36 | 100.0
   Gauntlet |       0 |    4650 | 100.0 |       0 |      10 | 100.0
            +---------+---------+-------+---------+---------+-------
